Canucks vs Predators

Created - 18 janvier 2016 at 19:09

Goals
1 2 3 T
Canucks 1 0 2 3
Predators 2 2 1 5
Shots
1 2 3 T
Canucks 10 11 9 30
Predators 14 9 11 34

1st period

1. Predators , Alexander Steen 9 (Josef Vasicek, Michael Grabner) at 9:23
2. Predators , Joe Thornton 18 (Alexander Ovechkin, Christian Ehrhoff) at 10:35
3. Canucks , Jaromir Jagr 16 (Maxim Lapierre, Clarke MacArthur) at 16:44 (PP)

Penalties :
Alexander Ovechkin (Nas) for Fighting (Major) at 15:15, Matt Stajan (Van) for Fighting (Major) at 15:15, James Van Riemsdyk (Nas) for High sticking (Minor) at 15:51

2nd period

4. Predators , Eric Nystrom 6 (Barret Jackman, Josef Vasicek) at 10:05
5. Predators , Joe Thornton 19 (Alexander Ovechkin, Alexander Edler) at 14:09 (PP)

Penalties :
Adam Burish (Nas) for Roughing (Minor) at 7:07, Kris Vernarsky (Nas) for Roughing (Minor) at 11:08, Kyle Cumiskey (Van) for Goalie Interference (Minor) at 14:04, Josef Vasicek (Nas) for Roughing (Double Minor) at 19:05

3rd period

6. Predators , Alexander Ovechkin 19 (Adam Burish, Joe Thornton) at 16:20 (PP)
7. Canucks , Maxim Lapierre 5 (Clarke MacArthur, Tom Poti) at 16:52
8. Canucks , Jaromir Jagr 17 (Matthew Spiller, Carey Price) at 18:02 (PP)

Penalties :
Matt Stajan (Van) for Holding Stick (Minor) at 15:57, Joe Thornton (Nas) for Hooking (Minor) at 17:10, Peter Worrell (Van) for Roughing (Minor) at 18:10

Goalie Stats

Carey Price (Van), 29 saves from 34 shots - (0,853), L, 15-12-0, 60:00 minutes
Maxime Daigneault (Nas), 27 saves from 30 shots - (0,900), W, 16-9-3, 60:00 minutes

Players Stats for Canucks

Player Name              G  A  P  +/- PIM S  H  SB GA TA FO     MP     PP MP  PK MP  
------------------------------------------------------------------------------------
Alex Goligoski           0  0  0   0  0   0  3  3  0  1  0/0    27:20   6:22   1:32 
Alex Tanguay             0  0  0  -1  0   4  3  1  0  1  3/7    15:38   1:00   0:26 
Antti Miettinen          0  0  0  -2  0   0  4  0  0  0  0/0    10:05   0:28   0:00 
Clarke MacArthur         0  2  2   1  0   1  1  0  1  2  1/1    15:36   3:57   0:00 
Daniel Paille            0  0  0  -1  0   1  0  0  0  1  0/0     9:57   0:00   0:57 
Jaromir Jagr             2  0  2   1  0   2  1  0  0  0  0/0    16:13   4:02   0:30 
Karl Alzner              0  0  0  -2  0   0  0  0  0  0  0/0    12:53   0:00   0:00 
Kyle Cumiskey            0  0  0  -2  2   0  0  1  0  1  0/0    12:45   0:00   0:00 
Matt Stajan              0  0  0  -1  7   5  2  0  1  0  10/28  19:01   4:52   1:01 
Matthew Spiller          0  1  1   0  0   0  2  0  0  0  0/0    19:54   3:20   0:45 
Maxim Afinogenov         0  0  0  -1  0   8  0  0  1  0  2/5    21:50   5:12   1:25 
Maxim Lapierre           1  1  2   1  0   3  1  0  0  0  5/10   15:53   3:57   0:15 
Nikolai Zherdev          0  0  0   0  0   1  0  0  0  0  0/0    11:30   0:00   0:00 
Peter Worrell            0  0  0  -1  2   1  1  1  0  0  0/0    20:20   5:08   0:00 
Sami Lepisto             0  0  0   0  0   0  1  0  0  0  0/0    19:54   3:20   0:45 
T.J. Hensick             0  0  0  -1  0   1  1  0  0  0  1/3     8:38   0:00   0:00 
Tom Poti                 0  1  1   0  0   1  1  2  1  0  0/0    27:13   6:22   1:32 
Tomas Plekanec           0  0  0  -1  0   2  2  2  0  0  3/5    12:59   0:30   0:00 

Players Stats for Predators

Player Name              G  A  P  +/- PIM S  H  SB GA TA FO     MP     PP MP  PK MP  
------------------------------------------------------------------------------------
Adam Burish              0  1  1   2  2   7  3  0  0  0  0/0    22:04   1:25   4:48 
Alexander Edler          0  1  1   0  0   2  3  0  0  2  0/0    26:16   1:37   5:41 
Alexander Ovechkin       1  2  3   1  5   3  1  1  1  0  0/3    16:25   1:25   1:35 
Alexander Steen          1  0  1   0  0   2  1  0  0  2  0/0    13:39   0:52   0:44 
Andrei Markov            0  0  0   0  0   0  1  1  0  0  0/0    18:42   0:40   0:13 
Barret Jackman           0  1  1   2  0   1  0  0  0  0  0/0    15:02   0:00   3:48 
Brett Clark              0  0  0   0  0   1  0  1  0  0  0/0    19:41   0:00   3:48 
Christian Ehrhoff        0  1  1   2  0   1  1  0  0  0  0/0    12:04   0:40   0:13 
Eric Nystrom             1  0  1   1  0   1  1  0  0  0  0/0    10:51   0:00   1:59 
Erik Rasmussen           0  0  0   0  0   0  0  0  0  0  3/4     9:10   0:00   1:17 
James Van Riemsdyk       0  0  0   0  2   5  0  0  1  0  0/0    12:20   0:00   0:00 
Jeremy Williams          0  0  0   0  0   2  0  1  0  0  0/0    12:21   0:00   0:00 
Joe Thornton             2  1  3   1  2   4  5  2  1  0  24/35  21:41   1:25   5:21 
Josef Vasicek            0  2  2   1  4   1  2  1  0  0  2/7    14:22   0:52   0:37 
Kris Vernarsky           0  0  0   0  2   2  0  1  1  0  4/7    12:27   0:00   0:06 
Michael Grabner          0  1  1   0  0   0  1  2  2  0  0/1    14:02   0:52   0:00 
Ryan Mcdonagh            0  0  0   0  0   2  1  2  0  0  0/0    28:15   1:37   5:41 
Vitali Yachmenev         0  0  0   0  0   0  1  0  0  0  1/2    10:50   0:00   2:57 

3 Stars

1 - Joe Thornton (Nas)
2 - Jaromir Jagr (Van)
3 - Maxim Lapierre (Van)

Power Play

Canucks - 2 on 6 Attempt(s) - 33,33%
Predators - 2 on 3 Attempt(s) - 66,67%

Penalty Kill

Canucks - 1 on 3 Attempt(s) - 33,33% - Score 0 goal in Penalty Kill
Predators - 4 on 6 Attempt(s) - 66,67% - Score 0 goal in Penalty Kill

Team Stat

Canucks - Hits : 23 - Faceoff Wins : 25 - Blocked Shots : 10 - Penalty Minutes : 11
Predators - Hits : 21 - Faceoff Wins : 34 - Blocked Shots : 12 - Penalty Minutes : 17

Official

Referees : Auger Stephane and Furlatt Eric
Linesman : Don Henderson and Greg Devorski

Game Notes

Alexander Ovechkin and Matt Stajan fight to a draw at 15:15 of 1st period

Finance

Level 1 -- Attendance: 4366 (72,77%) -- Ticket Income 384 208 $
Level 2 -- Attendance: 3839 (76,78%) -- Ticket Income 203 467 $
Level 3 -- Attendance: 1626 (81,30%) -- Ticket Income 53 658 $
Level 4 -- Attendance: 2945 (73,63%) -- Ticket Income 70 680 $
Luxury Box -- Attendance: 768 (76,80%) -- Ticket Income 141 312 $
Game was played at the Wildcat center.
Total Attendance: 13544 (75,24%)
Total Ticket Income: 853 325 $
Other Income: 127 999 $
Total Income: 981 324 $

Canucks

5 vs 5 Forward 
   Center                   Left Wing                Right Wing               Time % Phy DF OF 
 1 Matt Stajan              Peter Worrell            Maxim Afinogenov         40     1   2  2  
 2 Maxim Lapierre           Clarke MacArthur         Jaromir Jagr             30     1   2  2  
 3 Tomas Plekanec           Alex Tanguay             Nikolai Zherdev          20     1   2  2  
 4 T.J. Hensick             Daniel Paille            Antti Miettinen          10     1   2  2  

5 vs 5 Defense 
   Defense                  Defense                                           Time % Phy DF OF 
 1 Alex Goligoski           Tom Poti                                          40     1   2  2  
 2 Matthew Spiller          Sami Lepisto                                      30     1   2  2  
 3 Kyle Cumiskey            Karl Alzner                                       20     1   2  2  
 4 Alex Goligoski           Tom Poti                                          10     1   2  2  

PowerPlay Forward 
   Center                   Left Wing                Right Wing               Time % Phy DF OF 
 1 Matt Stajan              Peter Worrell            Maxim Afinogenov         60     1   2  2  
 2 Maxim Lapierre           Clarke MacArthur         Jaromir Jagr             40     1   2  2  

PowerPlay Defense
   Defense                  Defense                                           Time % Phy DF OF 
 1 Alex Goligoski           Tom Poti                                          60     1   2  2  
 2 Matthew Spiller          Sami Lepisto                                      40     1   2  2  

Penalty Kill 4 Players Forward 
   Center                   Wing                     Time % Phy DF OF 
 1 Maxim Afinogenov         Matt Stajan              60     1   2  2  
 2 Jaromir Jagr             Peter Worrell            40     1   2  2  

Penalty Kill 4 Players Defense
   Defense                  Defense                  Time % Phy DF OF 
 1 Alex Goligoski           Tom Poti                 60     1   2  2  
 2 Matthew Spiller          Sami Lepisto             40     1   2  2  

Penalty Kill - 3 Players Forward 
   Forward                                           Time % Phy DF OF 
 1 Maxim Afinogenov                                  60     1   2  2  
 2 Matt Stajan                                       40     1   2  2  

Penalty Kill - 3 Players Defense
   Defense                  Defense                  Time % Phy DF OF 
 1 Alex Goligoski           Tom Poti                 60     1   2  2  
 2 Matthew Spiller          Sami Lepisto             40     1   2  2  

4 vs 4 Forward 
   Center                   Wing                     Time % Phy DF OF 
 1 Maxim Afinogenov         Matt Stajan              60     1   2  2  
 2 Jaromir Jagr             Peter Worrell            40     1   2  2  

4 vs 4 Defense
   Defense                  Defense                  Time % Phy DF OF 
 1 Alex Goligoski           Tom Poti                 60     1   2  2  
 2 Matthew Spiller          Sami Lepisto             40     1   2  2  

Last Minutes Offensive
   Center                   Left Wing                Right Wing               Defense                  Defense                  
   Matt Stajan              Peter Worrell            Maxim Afinogenov         Alex Goligoski           Tom Poti                 

Last Minutes Defensive
   Center                   Left Wing                Right Wing               Defense                  Defense                  
   Matt Stajan              Peter Worrell            Maxim Afinogenov         Alex Goligoski           Tom Poti                 

Goaltenders
Starting : Carey Price              
Backup : Chad Johnson             

Extra Forwards
Normal : Alex Tanguay, Tomas Plekanec, Daniel Paille - PP : Alex Tanguay, Tomas Plekanec - PK : Daniel Paille
Extra Defensemen
Normal : Kyle Cumiskey, Karl Alzner, Matthew Spiller - PP : Kyle Cumiskey - PK : Karl Alzner, Matthew Spiller
Penalty Shots
Maxim Afinogenov, Matt Stajan, Jaromir Jagr, Peter Worrell, Clarke MacArthur

Predators

5 vs 5 Forward 
   Center                   Left Wing                Right Wing               Time % Phy DF OF 
 1 Joe Thornton             Alexander Ovechkin       Adam Burish              40     1   2  2  
 2 Josef Vasicek            Alexander Steen          Michael Grabner          29     1   2  2  
 3 Kris Vernarsky           James Van Riemsdyk       Jeremy Williams          19     1   2  2  
 4 Erik Rasmussen           Eric Nystrom             Vitali Yachmenev         12     1   2  2  

5 vs 5 Defense 
   Defense                  Defense                                           Time % Phy DF OF 
 1 Alexander Edler          Ryan Mcdonagh                                     40     1   2  2  
 2 Andrei Markov            Brett Clark                                       30     1   2  2  
 3 Christian Ehrhoff        Barret Jackman                                    20     1   2  2  
 4 Andrei Markov            Ryan Mcdonagh                                     10     1   1  3  

PowerPlay Forward 
   Center                   Left Wing                Right Wing               Time % Phy DF OF 
 1 Joe Thornton             Alexander Ovechkin       Adam Burish              60     2   1  2  
 2 Josef Vasicek            Alexander Steen          Michael Grabner          40     1   1  3  

PowerPlay Defense
   Defense                  Defense                                           Time % Phy DF OF 
 1 Alexander Edler          Ryan Mcdonagh                                     60     1   1  3  
 2 Andrei Markov            Christian Ehrhoff                                 40     1   1  3  

Penalty Kill 4 Players Forward 
   Center                   Wing                     Time % Phy DF OF 
 1 Joe Thornton             Adam Burish              60     1   2  2  
 2 Josef Vasicek            Eric Nystrom             40     1   2  2  

Penalty Kill 4 Players Defense
   Defense                  Defense                  Time % Phy DF OF 
 1 Alexander Edler          Ryan Mcdonagh            60     1   2  2  
 2 Brett Clark              Barret Jackman           40     1   2  2  

Penalty Kill - 3 Players Forward 
   Forward                                           Time % Phy DF OF 
 1 Alexander Ovechkin                                60     1   2  2  
 2 Joe Thornton                                      40     1   2  2  

Penalty Kill - 3 Players Defense
   Defense                  Defense                  Time % Phy DF OF 
 1 Alexander Edler          Ryan Mcdonagh            60     1   2  2  
 2 Brett Clark              Barret Jackman           40     1   2  2  

4 vs 4 Forward 
   Center                   Wing                     Time % Phy DF OF 
 1 Joe Thornton             Alexander Ovechkin       60     1   2  2  
 2 Josef Vasicek            Alexander Steen          40     1   2  2  

4 vs 4 Defense
   Defense                  Defense                  Time % Phy DF OF 
 1 Alexander Edler          Ryan Mcdonagh            55     1   2  2  
 2 Christian Ehrhoff        Barret Jackman           45     1   2  2  

Last Minutes Offensive
   Center                   Left Wing                Right Wing               Defense                  Defense                  
   Joe Thornton             Alexander Ovechkin       Adam Burish              Alexander Edler          Ryan Mcdonagh            

Last Minutes Defensive
   Center                   Left Wing                Right Wing               Defense                  Defense                  
   Joe Thornton             Alexander Ovechkin       Adam Burish              Brett Clark              Ryan Mcdonagh            

Goaltenders
Starting : Maxime Daigneault        
Backup : Ray Emery                

Extra Forwards
Normal : Michael Grabner, Alexander Steen, Alexander Ovechkin - PP : Michael Grabner, Alexander Steen - PK : Vitali Yachmenev
Extra Defensemen
Normal : Alexander Edler, Ryan Mcdonagh, Christian Ehrhoff - PP : Ryan Mcdonagh - PK : Brett Clark, Ryan Mcdonagh
Penalty Shots
Alexander Ovechkin, Joe Thornton, Michael Grabner, Josef Vasicek, Alexander Steen

% Time on Ice - Canucks

Lines # - Real PCT - Wanted PCT - Time Play
Normal Forward
1 - 34% - 40% - 16:12
2 - 24% - 30% - 11:41
3 - 24% - 20% - 11:30
4 - 18% - 10% - 8:38
Normal Defense
1 - 38% - 40% - 18:10
2 - 33% - 30% - 15:49
3 - 26% - 20% - 12:17
4 - 4% - 10% - 1:45
PP Forward
1 - 57% - 60% - 5:34
2 - 43% - 40% - 4:08
PP Defense
1 - 66% - 60% - 6:22
2 - 34% - 40% - 3:20
PK Forward
1 - 78% - 60% - 1:47
2 - 22% - 40% - 0:30
PK Defense
1 - 67% - 60% - 1:32
2 - 33% - 40% - 0:45
PK3 Forward
1 - 0% - 60%
2 - 0% - 40%
PK3 Defense
1 - 0% - 60%
2 - 0% - 40%
44 Forward
1 - 0% - 60%
2 - 0% - 40%
44 Defense
1 - 0% - 60%
2 - 0% - 40%
Last Minute Offensive  - 0:00
Last Minute Defensive  - 0:00
Total
Forward - 60:00
Defense - 60:00

% Time on Ice - Predators

Lines # - Real PCT - Wanted PCT - Time Play
Normal Forward
1 - 31% - 40% - 14:56
2 - 27% - 29% - 12:51
3 - 26% - 19% - 12:21
4 - 16% - 12% - 7:53
Normal Defense
1 - 40% - 40% - 19:01
2 - 33% - 30% - 15:53
3 - 23% - 20% - 11:08
4 - 4% - 10% - 1:59
PP Forward
1 - 62% - 60% - 1:25
2 - 38% - 40% - 0:52
PP Defense
1 - 71% - 60% - 1:37
2 - 29% - 40% - 0:40
PK Forward
1 - 79% - 60% - 7:37
2 - 21% - 40% - 2:05
PK Defense
1 - 61% - 60% - 5:54
2 - 39% - 40% - 3:48
PK3 Forward
1 - 0% - 60%
2 - 0% - 40%
PK3 Defense
1 - 0% - 60%
2 - 0% - 40%
44 Forward
1 - 0% - 60%
2 - 0% - 40%
44 Defense
1 - 0% - 55%
2 - 0% - 45%
Last Minute Offensive  - 0:00
Last Minute Defensive  - 0:00
Total
Forward - 60:00
Defense - 60:00

Play by Play

1st period


0:01 of 1st period - Joe Thornton wins face-off versus Matt Stajan in neutral zone.
0:04 of 1st period - Wrist shot by Alexander Ovechkin.
0:04 of 1st period - Stopped by Carey Price with a rebound.
0:10 of 1st period - Snap shot by Alex Goligoski.
0:10 of 1st period - Shot Misses the Net.
0:12 of 1st period - Backhand shot by Matt Stajan.
0:12 of 1st period - Stopped by Maxime Daigneault without a rebound.
0:13 of 1st period - Maxim Lapierre wins face-off versus Josef Vasicek in Predators zone.
0:38 of 1st period - Matthew Spiller is hit by Andrei Markov and loses puck.
1:03 of 1st period - Slapshot by Joe Thornton.
1:03 of 1st period - Shot Misses the Net.
1:05 of 1st period - Snap shot by Adam Burish.
1:05 of 1st period - Shot Blocked by Kyle Cumiskey.
1:11 of 1st period - Snap shot by Joe Thornton.
1:11 of 1st period - Stopped by Carey Price with a rebound.
2:20 of 1st period - Icing by Alexander Edler.
2:21 of 1st period - Joe Thornton wins face-off versus Matt Stajan in Predators zone.
2:32 of 1st period - Peter Worrell is hit by Alexander Ovechkin and loses puck.
4:00 of 1st period - Wrist shot by Maxim Afinogenov.
4:00 of 1st period - Shot Blocked by Andrei Markov.
4:15 of 1st period - Icing by Kyle Cumiskey.
4:16 of 1st period - Maxim Lapierre wins face-off versus Josef Vasicek in Canucks zone.
4:36 of 1st period - Off-side.
4:37 of 1st period - Joe Thornton wins face-off versus Matt Stajan in neutral zone.
4:56 of 1st period - Matt Stajan is hit by Joe Thornton and loses puck.
5:05 of 1st period - Snap shot by Adam Burish.
5:05 of 1st period - Shot Blocked by Alex Goligoski.
5:07 of 1st period - Slapshot by Barret Jackman.
5:07 of 1st period - Stopped by Carey Price without a rebound.
5:08 of 1st period - Kris Vernarsky wins face-off versus Tomas Plekanec in Canucks zone.
5:17 of 1st period - Snap shot by James Van Riemsdyk.
5:17 of 1st period - Stopped by Carey Price without a rebound.
5:18 of 1st period - Kris Vernarsky wins face-off versus Alex Tanguay in Canucks zone.
5:25 of 1st period - Slapshot by James Van Riemsdyk.
5:25 of 1st period - Shot Blocked by Tomas Plekanec.
5:55 of 1st period - Barret Jackman is hit by Alex Tanguay.
6:37 of 1st period - Snap shot by Alex Tanguay.
6:37 of 1st period - Stopped by Maxime Daigneault with a rebound.
6:41 of 1st period - Slapshot by Alex Tanguay.
6:41 of 1st period - Stopped by Maxime Daigneault without a rebound.
6:42 of 1st period - Joe Thornton wins face-off versus Matt Stajan in Predators zone.
7:09 of 1st period - Alex Goligoski is hit by Josef Vasicek and loses puck.
7:32 of 1st period - Wrist shot by T.J. Hensick.
7:32 of 1st period - Stopped by Maxime Daigneault with a rebound.
7:34 of 1st period - Slapshot by T.J. Hensick.
7:34 of 1st period - Shot Misses the Net.
7:42 of 1st period - Wrist shot by Alexander Steen.
7:42 of 1st period - Stopped by Carey Price without a rebound.
7:43 of 1st period - Matt Stajan wins face-off versus Alexander Ovechkin in Canucks zone.
7:52 of 1st period - Wrist shot by Matt Stajan.
7:52 of 1st period - Stopped by Maxime Daigneault without a rebound.
7:53 of 1st period - Matt Stajan wins face-off versus Alexander Ovechkin in Predators zone.
8:00 of 1st period - Snap shot by Maxim Afinogenov.
8:00 of 1st period - Shot Blocked by Joe Thornton.
8:02 of 1st period - Slapshot by Tom Poti.
8:02 of 1st period - Shot Blocked by Joe Thornton.
8:08 of 1st period - Backhand shot by Maxim Afinogenov.
8:08 of 1st period - Stopped by Maxime Daigneault without a rebound.
8:09 of 1st period - Erik Rasmussen wins face-off versus Maxim Lapierre in Predators zone.
8:24 of 1st period - Backhand shot by Erik Rasmussen.
8:24 of 1st period - Shot Misses the Net.
8:55 of 1st period - Slapshot by Alexander Edler.
8:55 of 1st period - Shot Hit the Post.
8:57 of 1st period - Slapshot by Ryan Mcdonagh.
8:57 of 1st period - Stopped by Carey Price without a rebound.
8:58 of 1st period - Josef Vasicek wins face-off versus T.J. Hensick in Canucks zone.
9:23 of 1st period - Backhand shot by Alexander Steen.
9:23 of 1st period - Goal by Alexander Steen - Canucks : 0 - Predators : 1.
9:24 of 1st period - Matt Stajan wins face-off versus Joe Thornton in neutral zone.
9:31 of 1st period - Wrist shot by Maxim Afinogenov.
9:31 of 1st period - Shot Misses the Net.
9:33 of 1st period - Snap shot by Alex Goligoski.
9:33 of 1st period - Shot Misses the Net.
9:35 of 1st period - Snap shot by Peter Worrell.
9:35 of 1st period - Stopped by Maxime Daigneault with a rebound.
9:37 of 1st period - Slapshot by Tom Poti.
9:37 of 1st period - Shot Blocked by Ryan Mcdonagh.
9:39 of 1st period - Slapshot by Alex Goligoski.
9:39 of 1st period - Shot Hit the Post.
10:05 of 1st period - Icing by Ryan Mcdonagh.
10:06 of 1st period - Erik Rasmussen wins face-off versus Tomas Plekanec in Predators zone.
10:17 of 1st period - Slapshot by Tom Poti.
10:17 of 1st period - Stopped by Maxime Daigneault without a rebound.
10:18 of 1st period - Joe Thornton wins face-off versus Matt Stajan in Predators zone.
10:35 of 1st period - Wrist shot by Joe Thornton.
10:35 of 1st period - Goal by Joe Thornton - Canucks : 0 - Predators : 2.
10:36 of 1st period - Josef Vasicek wins face-off versus Matt Stajan in neutral zone.
13:06 of 1st period - Snap shot by Alex Tanguay.
13:06 of 1st period - Stopped by Maxime Daigneault with a rebound.
13:08 of 1st period - Slapshot by Kyle Cumiskey.
13:08 of 1st period - Shot Misses the Net.
13:59 of 1st period - Snap shot by Joe Thornton.
13:59 of 1st period - Stopped by Carey Price without a rebound.
14:00 of 1st period - Tomas Plekanec wins face-off versus Erik Rasmussen in Canucks zone.
14:00 of 1st period - Tomas Plekanec is hit by Alexander Edler.
14:26 of 1st period - Snap shot by Adam Burish.
14:26 of 1st period - Stopped by Carey Price with a rebound.
15:12 of 1st period - Wrist shot by James Van Riemsdyk.
15:12 of 1st period - Stopped by Carey Price without a rebound.
15:13 of 1st period - Joe Thornton wins face-off versus Matt Stajan in Canucks zone.
15:14 of 1st period - Snap shot by Alexander Ovechkin.
15:14 of 1st period - Shot Misses the Net.
15:15 of 1st period - Alexander Ovechkin and Matt Stajan fight to a draw.
15:15 of 1st period - Penalty to Alexander Ovechkin for Fighting.
15:15 of 1st period - Penalty to Matt Stajan for Fighting.
15:16 of 1st period - Joe Thornton wins face-off versus Alex Tanguay in Canucks zone.
15:17 of 1st period - Snap shot by Adam Burish.
15:17 of 1st period - Stopped by Carey Price without a rebound.
15:18 of 1st period - Alex Tanguay wins face-off versus Michael Grabner in Canucks zone.
15:18 of 1st period - Alex Tanguay is hit by Michael Grabner.
15:23 of 1st period - Alex Goligoski is hit by Adam Burish and loses puck.
15:51 of 1st period - Minor Penalty to James Van Riemsdyk for High sticking.
15:52 of 1st period - Alex Tanguay wins face-off versus Joe Thornton in Predators zone.
16:44 of 1st period - Wrist shot by Maxim Lapierre.
16:44 of 1st period - Deflect By Jaromir Jagr.
16:44 of 1st period - Goal by Jaromir Jagr - Canucks : 1 - Predators : 2.
16:45 of 1st period - Joe Thornton wins face-off versus Maxim Afinogenov in neutral zone.
18:04 of 1st period - Wrist shot by Michael Grabner.
18:04 of 1st period - Shot Misses the Net.
18:58 of 1st period - Wrist shot by Adam Burish.
18:58 of 1st period - Stopped by Carey Price without a rebound.
18:59 of 1st period - Clarke MacArthur wins face-off versus Joe Thornton in Canucks zone.
19:24 of 1st period - Erik Rasmussen is hit by Antti Miettinen and loses puck.
19:48 of 1st period - Snap shot by James Van Riemsdyk.
19:48 of 1st period - Stopped by Carey Price with a rebound.
19:50 of 1st period - Snap shot by Kris Vernarsky.
19:50 of 1st period - Deflect By James Van Riemsdyk.
19:50 of 1st period - Shot Blocked by Alex Goligoski.
19:50 of 1st period - Puck is out of play.
19:51 of 1st period - Joe Thornton wins face-off versus Alex Tanguay in Canucks zone.
Goals for this period are 1 for Canucks vs 2 for Predators.
Shots for this period are 10 for Canucks vs 14 for Predators.

2nd period


0:01 of 2nd period - Alex Tanguay wins face-off versus Josef Vasicek in neutral zone.
1:02 of 2nd period - Ryan Mcdonagh is hit by Antti Miettinen and loses puck.
3:23 of 2nd period - Slapshot by Clarke MacArthur.
3:23 of 2nd period - Stopped by Maxime Daigneault with a rebound.
3:25 of 2nd period - Snap shot by Clarke MacArthur.
3:25 of 2nd period - Shot Misses the Net.
3:27 of 2nd period - Slapshot by Maxim Lapierre.
3:27 of 2nd period - Stopped by Maxime Daigneault with a rebound.
4:06 of 2nd period - Slapshot by Alexander Edler.
4:06 of 2nd period - Shot Misses the Net.
4:33 of 2nd period - Backhand shot by Alex Tanguay.
4:33 of 2nd period - Stopped by Maxime Daigneault with a rebound.
4:54 of 2nd period - Christian Ehrhoff is hit by Tom Poti and loses puck.
5:19 of 2nd period - James Van Riemsdyk is hit by Matt Stajan and loses puck.
6:03 of 2nd period - Andrei Markov is hit by Jaromir Jagr and loses puck.
6:23 of 2nd period - Snap shot by Alexander Steen.
6:23 of 2nd period - Shot Blocked by Alex Goligoski.
6:25 of 2nd period - Slapshot by Michael Grabner.
6:25 of 2nd period - Deflect By Alex Goligoski.
6:25 of 2nd period - Shot Misses the Net.
6:25 of 2nd period - Puck is out of play.
6:26 of 2nd period - Maxim Lapierre wins face-off versus Josef Vasicek in Canucks zone.
6:36 of 2nd period - Michael Grabner is hit by Maxim Lapierre and loses puck.
6:55 of 2nd period - Snap shot by Matt Stajan.
6:55 of 2nd period - Shot Blocked by Alexander Ovechkin.
6:57 of 2nd period - Slapshot by Tom Poti.
6:57 of 2nd period - Shot Blocked by Ryan Mcdonagh.
7:07 of 2nd period - Minor Penalty to Adam Burish for Roughing.
7:08 of 2nd period - Joe Thornton wins face-off versus Matt Stajan in Predators zone.
7:08 of 2nd period - Joe Thornton is hit by Alex Goligoski.
7:20 of 2nd period - Matt Stajan is hit by Joe Thornton and loses puck.
7:52 of 2nd period - Snap shot by Maxim Afinogenov.
7:52 of 2nd period - Stopped by Maxime Daigneault without a rebound.
7:53 of 2nd period - Maxim Lapierre wins face-off versus Vitali Yachmenev in Predators zone.
8:36 of 2nd period - Alexander Edler is hit by Matthew Spiller and loses puck.
9:07 of 2nd period - Penalty to Adam Burish is over, Adam Burish is back on ice.
9:18 of 2nd period - Adam Burish is hit by Alex Tanguay and loses puck.
9:29 of 2nd period - Eric Nystrom is hit by Tomas Plekanec and loses puck.
9:38 of 2nd period - Karl Alzner is hit by Adam Burish and loses puck.
9:55 of 2nd period - Snap shot by Josef Vasicek.
9:55 of 2nd period - Deflect By Adam Burish.
9:55 of 2nd period - Stopped by Carey Price with a rebound.
9:57 of 2nd period - Wrist shot by Eric Nystrom.
9:57 of 2nd period - Shot Misses the Net.
9:59 of 2nd period - Slapshot by Alexander Edler.
9:59 of 2nd period - Stopped by Carey Price with a rebound.
10:01 of 2nd period - Snap shot by Josef Vasicek.
10:01 of 2nd period - Shot Blocked by Alex Tanguay.
10:03 of 2nd period - Backhand shot by Josef Vasicek.
10:03 of 2nd period - Stopped by Carey Price with a rebound.
10:05 of 2nd period - Slapshot by Barret Jackman.
10:05 of 2nd period - Deflect By Eric Nystrom.
10:05 of 2nd period - Goal by Eric Nystrom - Canucks : 1 - Predators : 3.
10:06 of 2nd period - Maxim Lapierre wins face-off versus Kris Vernarsky in neutral zone.
10:17 of 2nd period - Wrist shot by Alex Goligoski.
10:17 of 2nd period - Shot Misses the Net.
10:31 of 2nd period - Alexander Edler is hit by Peter Worrell.
10:39 of 2nd period - Wrist shot by James Van Riemsdyk.
10:39 of 2nd period - Shot Blocked by Tom Poti.
10:41 of 2nd period - Slapshot by Andrei Markov.
10:41 of 2nd period - Shot Misses the Net.
11:08 of 2nd period - Minor Penalty to Kris Vernarsky for Roughing.
11:09 of 2nd period - Joe Thornton wins face-off versus Matt Stajan in Predators zone.
11:25 of 2nd period - Slapshot by Alexander Edler.
11:25 of 2nd period - Deflect By Joe Thornton.
11:25 of 2nd period - Shot Hit the Post.
11:25 of 2nd period - Puck is out of play.
11:26 of 2nd period - Matt Stajan wins face-off versus Joe Thornton in Canucks zone.
11:26 of 2nd period - Matt Stajan is hit by Adam Burish.
11:32 of 2nd period - Snap shot by Matt Stajan.
11:32 of 2nd period - Stopped by Maxime Daigneault with a rebound.
11:34 of 2nd period - Snap shot by Matt Stajan.
11:34 of 2nd period - Stopped by Maxime Daigneault without a rebound.
11:35 of 2nd period - Matt Stajan wins face-off versus Joe Thornton in Predators zone.
11:48 of 2nd period - Wrist shot by Maxim Afinogenov.
11:48 of 2nd period - Shot Misses the Net.
12:40 of 2nd period - Snap shot by Maxim Afinogenov.
12:40 of 2nd period - Shot Misses the Net.
12:42 of 2nd period - Slapshot by Tom Poti.
12:42 of 2nd period - Shot Blocked by Josef Vasicek.
12:44 of 2nd period - Snap shot by Alex Goligoski.
12:44 of 2nd period - Shot Blocked by Brett Clark.
12:46 of 2nd period - Snap shot by Matt Stajan.
12:46 of 2nd period - Stopped by Maxime Daigneault without a rebound.
12:47 of 2nd period - Joe Thornton wins face-off versus Maxim Lapierre in Predators zone.
12:58 of 2nd period - Snap shot by Clarke MacArthur.
12:58 of 2nd period - Shot Misses the Net.
13:08 of 2nd period - Penalty to Kris Vernarsky is over, Kris Vernarsky is back on ice.
13:12 of 2nd period - Wrist shot by Joe Thornton.
13:12 of 2nd period - Shot Misses the Net.
13:14 of 2nd period - Snap shot by Kris Vernarsky.
13:14 of 2nd period - Stopped by Carey Price with a rebound.
13:16 of 2nd period - Snap shot by Alexander Edler.
13:16 of 2nd period - Stopped by Carey Price without a rebound.
13:17 of 2nd period - Tomas Plekanec wins face-off versus Kris Vernarsky in Canucks zone.
13:24 of 2nd period - Wrist shot by James Van Riemsdyk.
13:24 of 2nd period - Shot Blocked by Tomas Plekanec.
13:26 of 2nd period - Slapshot by Brett Clark.
13:26 of 2nd period - Shot Misses the Net.
13:44 of 2nd period - Andrei Markov is hit by Tomas Plekanec and loses puck.
14:04 of 2nd period - Minor Penalty to Kyle Cumiskey for Goalie Interference.
14:05 of 2nd period - Joe Thornton wins face-off versus Maxim Afinogenov in Canucks zone.
14:09 of 2nd period - Snap shot by Joe Thornton.
14:09 of 2nd period - Goal by Joe Thornton - Canucks : 1 - Predators : 4.
14:10 of 2nd period - Joe Thornton wins face-off versus Matt Stajan in neutral zone.
14:27 of 2nd period - Snap shot by Adam Burish.
14:27 of 2nd period - Shot Misses the Net.
15:00 of 2nd period - Snap shot by Tomas Plekanec.
15:00 of 2nd period - Stopped by Maxime Daigneault with a rebound.
15:04 of 2nd period - Wrist shot by Tomas Plekanec.
15:04 of 2nd period - Stopped by Maxime Daigneault with a rebound.
15:06 of 2nd period - Slapshot by Tom Poti.
15:06 of 2nd period - Shot Misses the Net.
16:09 of 2nd period - Snap shot by Clarke MacArthur.
16:09 of 2nd period - Shot Misses the Net.
16:48 of 2nd period - Daniel Paille is hit by Ryan Mcdonagh and loses puck.
17:09 of 2nd period - Slapshot by Ryan Mcdonagh.
17:09 of 2nd period - Deflect By Kyle Cumiskey.
17:09 of 2nd period - Stopped by Carey Price without a rebound.
17:10 of 2nd period - Joe Thornton wins face-off versus Matt Stajan in Canucks zone.
18:21 of 2nd period - Slapshot by Maxim Afinogenov.
18:21 of 2nd period - Stopped by Maxime Daigneault with a rebound.
18:39 of 2nd period - Wrist shot by T.J. Hensick.
18:39 of 2nd period - Shot Blocked by Jeremy Williams.
19:05 of 2nd period - Double Minor Penalty to Josef Vasicek for Roughing.
19:06 of 2nd period - Matt Stajan wins face-off versus Joe Thornton in Predators zone.
19:06 of 2nd period - Snap shot by Maxim Afinogenov.
19:06 of 2nd period - Stopped by Maxime Daigneault with a rebound.
19:42 of 2nd period - Off-side.
19:43 of 2nd period - Joe Thornton wins face-off versus Maxim Lapierre in neutral zone.
19:46 of 2nd period - Wrist shot by Adam Burish.
19:46 of 2nd period - Stopped by Carey Price with a rebound.
Goals for this period are 0 for Canucks vs 2 for Predators.
Shots for this period are 11 for Canucks vs 9 for Predators.

3rd period


0:01 of 3rd period - Joe Thornton wins face-off versus Matt Stajan in neutral zone.
0:40 of 3rd period - Vitali Yachmenev is hit by Alex Goligoski and loses puck.
1:01 of 3rd period - Matthew Spiller is hit by Eric Nystrom and loses puck.
1:12 of 3rd period - Adam Burish is hit by Clarke MacArthur and loses puck.
2:22 of 3rd period - Vitali Yachmenev is hit by Antti Miettinen and loses puck.
3:05 of 3rd period - Penalty to Josef Vasicek is over, Josef Vasicek is back on ice.
3:18 of 3rd period - Alexander Steen is hit by T.J. Hensick and loses puck.
3:25 of 3rd period - Josef Vasicek is hit by Antti Miettinen and loses puck.
3:44 of 3rd period - Off-side.
3:45 of 3rd period - Kris Vernarsky wins face-off versus Alex Tanguay in neutral zone.
3:51 of 3rd period - Snap shot by Kris Vernarsky.
3:51 of 3rd period - Shot Misses the Net.
3:53 of 3rd period - Snap shot by Kris Vernarsky.
3:53 of 3rd period - Stopped by Carey Price with a rebound.
3:55 of 3rd period - Slapshot by Christian Ehrhoff.
3:55 of 3rd period - Stopped by Carey Price with a rebound.
3:57 of 3rd period - Snap shot by Kris Vernarsky.
3:57 of 3rd period - Shot Misses the Net.
3:59 of 3rd period - Wrist shot by James Van Riemsdyk.
3:59 of 3rd period - Stopped by Carey Price without a rebound.
4:00 of 3rd period - Joe Thornton wins face-off versus Matt Stajan in Canucks zone.
4:33 of 3rd period - Christian Ehrhoff is hit by Sami Lepisto and loses puck.
4:56 of 3rd period - Snap shot by Clarke MacArthur.
4:56 of 3rd period - Shot Misses the Net.
5:02 of 3rd period - Matthew Spiller is hit by Alexander Steen and loses puck.
5:28 of 3rd period - Icing by Sami Lepisto.
5:29 of 3rd period - Kris Vernarsky wins face-off versus T.J. Hensick in Canucks zone.
5:55 of 3rd period - Maxim Lapierre is hit by Joe Thornton and loses puck.
6:17 of 3rd period - Off-side.
6:18 of 3rd period - Matt Stajan wins face-off versus Josef Vasicek in neutral zone.
6:29 of 3rd period - Wrist shot by Matt Stajan.
6:29 of 3rd period - Shot Blocked by Michael Grabner.
6:31 of 3rd period - Snap shot by Maxim Afinogenov.
6:31 of 3rd period - Shot Blocked by Michael Grabner.
6:33 of 3rd period - Snap shot by Maxim Afinogenov.
6:33 of 3rd period - Stopped by Maxime Daigneault without a rebound.
6:34 of 3rd period - Joe Thornton wins face-off versus Maxim Lapierre in Predators zone.
6:47 of 3rd period - Wrist shot by Adam Burish.
6:47 of 3rd period - Stopped by Carey Price with a rebound.
6:59 of 3rd period - Josef Vasicek is hit by Matt Stajan and loses puck.
7:44 of 3rd period - Backhand shot by Jeremy Williams.
7:44 of 3rd period - Stopped by Carey Price with a rebound.
7:46 of 3rd period - Wrist shot by James Van Riemsdyk.
7:46 of 3rd period - Stopped by Carey Price with a rebound.
7:48 of 3rd period - Wrist shot by Brett Clark.
7:48 of 3rd period - Deflect By Jeremy Williams.
7:48 of 3rd period - Stopped by Carey Price without a rebound.
7:49 of 3rd period - Joe Thornton wins face-off versus Matt Stajan in Canucks zone.
7:52 of 3rd period - Snap shot by Joe Thornton.
7:52 of 3rd period - Shot Blocked by Peter Worrell.
7:58 of 3rd period - Wrist shot by Maxim Afinogenov.
7:58 of 3rd period - Stopped by Maxime Daigneault with a rebound.
8:06 of 3rd period - Snap shot by Alexander Edler.
8:06 of 3rd period - Shot Misses the Net.
9:06 of 3rd period - Off-side.
9:07 of 3rd period - Joe Thornton wins face-off versus Matt Stajan in neutral zone.
10:02 of 3rd period - Slapshot by Michael Grabner.
10:02 of 3rd period - Shot Misses the Net.
10:04 of 3rd period - Snap shot by Brett Clark.
10:04 of 3rd period - Stopped by Carey Price without a rebound.
10:05 of 3rd period - T.J. Hensick wins face-off versus Alexander Ovechkin in Canucks zone.
10:16 of 3rd period - Snap shot by Daniel Paille.
10:16 of 3rd period - Stopped by Maxime Daigneault without a rebound.
10:17 of 3rd period - Joe Thornton wins face-off versus Matt Stajan in Predators zone.
11:13 of 3rd period - Alexander Edler is hit by Matthew Spiller and loses puck.
11:26 of 3rd period - Daniel Paille is hit by Alexander Edler.
11:46 of 3rd period - Off-side.
11:47 of 3rd period - Matt Stajan wins face-off versus Joe Thornton in neutral zone.
11:50 of 3rd period - Slapshot by Tom Poti.
11:50 of 3rd period - Shot Misses the Net.
12:02 of 3rd period - Alex Goligoski is hit by Joe Thornton and loses puck.
12:13 of 3rd period - Brett Clark is hit by Alex Goligoski and loses puck.
12:39 of 3rd period - Tom Poti is hit by Vitali Yachmenev.
13:03 of 3rd period - Snap shot by Maxim Afinogenov.
13:03 of 3rd period - Stopped by Maxime Daigneault with a rebound.
13:33 of 3rd period - Slapshot by Alexander Ovechkin.
13:33 of 3rd period - Shot Misses the Net.
13:35 of 3rd period - Slapshot by Christian Ehrhoff.
13:35 of 3rd period - Shot Misses the Net.
14:07 of 3rd period - Wrist shot by Nikolai Zherdev.
14:07 of 3rd period - Stopped by Maxime Daigneault without a rebound.
14:08 of 3rd period - Tomas Plekanec wins face-off versus Kris Vernarsky in Predators zone.
14:23 of 3rd period - Wrist shot by Tomas Plekanec.
14:23 of 3rd period - Shot Blocked by Kris Vernarsky.
14:33 of 3rd period - Slapshot by Maxim Afinogenov.
14:33 of 3rd period - Shot Misses the Net.
14:45 of 3rd period - Snap shot by Alexander Edler.
14:45 of 3rd period - Shot Misses the Net.
15:01 of 3rd period - Clarke MacArthur is hit by Josef Vasicek and loses puck.
15:57 of 3rd period - Minor Penalty to Matt Stajan for Holding Stick.
15:58 of 3rd period - Maxim Afinogenov wins face-off versus Joe Thornton in Canucks zone.
15:58 of 3rd period - Maxim Afinogenov is hit by Alexander Edler.
16:02 of 3rd period - Off-side.
16:03 of 3rd period - Joe Thornton wins face-off versus Maxim Afinogenov in neutral zone.
16:12 of 3rd period - Snap shot by Alexander Ovechkin.
16:12 of 3rd period - Stopped by Carey Price with a rebound.
16:20 of 3rd period - Snap shot by Alexander Ovechkin.
16:20 of 3rd period - Goal by Alexander Ovechkin - Canucks : 1 - Predators : 5.
16:21 of 3rd period - Matt Stajan wins face-off versus Joe Thornton in neutral zone.
16:38 of 3rd period - Wrist shot by Alexander Ovechkin.
16:38 of 3rd period - Shot Blocked by Tom Poti.
16:52 of 3rd period - Snap shot by Maxim Lapierre.
16:52 of 3rd period - Goal by Maxim Lapierre - Canucks : 2 - Predators : 5.
16:53 of 3rd period - Matt Stajan wins face-off versus Joe Thornton in neutral zone.
16:58 of 3rd period - Wrist shot by Maxim Afinogenov.
16:58 of 3rd period - Shot Misses the Net.
17:08 of 3rd period - Wrist shot by Maxim Afinogenov.
17:08 of 3rd period - Stopped by Maxime Daigneault with a rebound.
17:10 of 3rd period - Minor Penalty to Joe Thornton for Hooking.
17:11 of 3rd period - Vitali Yachmenev wins face-off versus Matt Stajan in Predators zone.
17:18 of 3rd period - Backhand shot by Adam Burish.
17:18 of 3rd period - Stopped by Carey Price with a rebound.
17:42 of 3rd period - Wrist shot by Maxim Lapierre.
17:42 of 3rd period - Stopped by Maxime Daigneault without a rebound.
17:43 of 3rd period - Erik Rasmussen wins face-off versus Maxim Lapierre in Predators zone.
18:02 of 3rd period - Snap shot by Jaromir Jagr.
18:02 of 3rd period - Goal by Jaromir Jagr - Canucks : 3 - Predators : 5.
18:03 of 3rd period - Joe Thornton wins face-off versus Matt Stajan in neutral zone.
18:08 of 3rd period - Wrist shot by Adam Burish.
18:08 of 3rd period - Shot Misses the Net.
18:10 of 3rd period - Minor Penalty to Peter Worrell for Roughing.
18:11 of 3rd period - Maxim Afinogenov wins face-off versus Joe Thornton in Canucks zone.
18:28 of 3rd period - Alex Goligoski is hit by Joe Thornton and loses puck.
19:25 of 3rd period - Daniel Paille is hit by Christian Ehrhoff.
19:35 of 3rd period - Joe Thornton is hit by Alex Tanguay.
Goals for this period are 2 for Canucks vs 1 for Predators.
Shots for this period are 9 for Canucks vs 11 for Predators.